 Dungeon Crawl Stone Soup version 0.25.0-3-gd7cc568 (webtiles) character file.

Game seed: 8844403104775915803

267 Balder the Shield-Bearer (level 6, -1/53 HPs)
             Began as a Minotaur Fighter on June 15, 2020.
             Slain by Grinder (4 damage)
             ... while paralysed by Grinder
             ... on level 3 of the Dungeon.
             The game lasted 00:08:49 (2734 turns).

Balder the Shield-Bearer (Minotaur Fighter)         Turns: 2734, Time: 00:08:49

Health: -1/53      AC:  6    Str: 21    XL:     6   Next: 0%
Magic:  5/5        EV:  2    Int:  5    God:
Gold:   201        SH:  0    Dex: 11    Spells: 5/5 levels left

rFire    . . .     SeeInvis .   a - +0 flail
rCold    . . .     Gourm    .   c - +0 kite shield
rNeg     . . .     Faith    .   o - +0 troll leather armour
rPois    .         Spirit   .   (helmet restricted)
rElec    .         Reflect  .   n - +0 cloak
rCorr    .         Harm     .   (no gloves)
MR       +....                  (no boots)
Stlth    +.........             (no amulet)
HPRegen  0.57/turn              h - ring of protection from magic
MPRegen  0.09/turn              (no ring)

@: paralysed, mighty
A: retaliatory headbutt, horns 2
a: no special abilities


You were on level 3 of the Dungeon.
You were not hungry.

You visited 1 branch of the dungeon, and saw 3 of its levels.

You collected 201 gold pieces.

Inventory:

Hand Weapons
 a - a +0 flail (weapon)
 b - a +0 dagger of venom
 j - a +0 war axe
Armour
 c - a +0 kite shield (worn)
 i - a +0 chain mail
 n - a +0 cloak (worn)
 o - a +0 troll leather armour (worn)
Jewellery
 h - a ring of protection from magic (left hand)
Scrolls
 e - 4 scrolls of identify
 g - a scroll of blinking {unknown}
 k - a scroll of fear {unknown}
 q - a scroll of fog {unknown}
 r - a scroll of magic mapping {unknown}
Potions
 m - 2 potions of flight {unknown}
 p - a potion of berserk rage {unknown}
Comestibles
 f - 3 rations
 l - 3 chunks of flesh


   Skills:
 * Level 4.3 Fighting
 * Level 0.8 Short Blades
 - Level 0.8(2.6) Axes
 * Level 4.0(4.1) Maces & Flails
 * Level 1.2 Throwing
 * Level 4.6 Armour
 * Level 1.4 Dodging
 * Level 1.1 Stealth
 * Level 4.9 Shields


You had 5 spell levels left.
You didn't know any spells.
Your spell library was empty.

Dungeon Overview and Level Annotations

Branches:
Dungeon (3/15)

Altars:
Elyvilon
Fedhas

Annotations:
D:3 1 runed translucent door, Grinder; KittyFluff's ghost, amateur DrBe


Innate Abilities, Weirdness & Mutations

You reflexively headbutt those who attack you in melee.
You have a pair of horns on your head.


Message History

You feel very mighty all of a sudden. You block Grinder's attack.
You closely miss Grinder.
Grinder is moderately wounded.
Grinder says, "What is the universe for?"
Grinder closely misses you.
You sock Grinder!
Grinder is severely wounded.
Grinder hits you but does no damage. x2
You closely miss Grinder.
Grinder is severely wounded.
Grinder gestures at you.
You suddenly lose the ability to move!
Grinder gestures at you. You resist with some effort.
Grinder barely misses you. Grinder hits you!
* * * LOW HITPOINT WARNING * * *
You writhe in agony.
You die...

#...#..###....... ..
#...##.....#.##.# #.
#...####.###.##.####.
##.## #.....##.#....
#####5#
#####.##.#.##.
#.....#######
#.........
..#.###.......#
##########
........#####.#
..#.....5@.#
#..#####.# #.. #.# #.
#.# # #.# ..# ..# .##


You could see Grinder.

Vanquished Creatures
  A sky beast (D:2)
  An orc priest (D:2)
  An orc wizard (D:2)
  A gnoll (D:1)
  2 adders (D:2)
  An ooze (D:3)
  3 worms
  2 dart slugs (D:1)
  3 leopard geckos
  2 orcs (D:2)
  A ball python (D:3)
  5 bats
  3 giant cockroaches
  6 goblins
  7 hobgoblins
  10 jackals (D:2)
  2 quokkas
  7 frilled lizards
  A kobold (D:2)
  6 rats
65 creatures vanquished.

Notes
Turn   | Place    | Note
-------+----------+-------------------------------------------
     0 | D:1      | Balder the Minotaur Fighter began the quest for the Orb.
     0 | D:1      | Reached XP level 1. HP: 19/19 MP: 0/0
   271 | D:1      | Reached XP level 2. HP: 27/27 MP: 1/1
   938 | D:2      | Found a blossoming altar of Fedhas.
   971 | D:2      | Reached XP level 3. HP: 33/33 MP: 2/2
  1156 | D:2      | Reached XP level 4. HP: 18/40 MP: 3/3
  1593 | D:2      | Reached skill level 1 in Dodging
  1610 | D:2      | Reached skill level 1 in Throwing
  1648 | D:2      | Found a white marble altar of Elyvilon.
  1680 | D:2      | Reached XP level 5. HP: 45/46 MP: 4/4
  1745 | D:2      | Noticed a sky beast
  1767 | D:2      | Killed a sky beast
  1767 | D:2      | Reached skill level 1 in Stealth
  2328 | D:3      | Found a runed translucent door.
  2328 | D:3      | Noticed KittyFluff's ghost (amateur DrBe)
  2629 | D:3      | Reached XP level 6. HP: 48/53 MP: 5/5
  2690 | D:3      | Noticed Grinder
  2701 | D:3      | Paralysed by Grinder for 5 turns
  2731 | D:3      | Paralysed by Grinder for 6 turns
  2734 | D:3      | Slain by Grinder

Illustrated notes

Levels and vault maps discovered:
D:1:      wander_arrival_peaceful_grave, layout_basic,
          minmay_misc_feat_more_columns
D:2:      layout_basic, nicolae_overflow_crystal_walls, serial_corexii_hall,
          chequers_hall_statues_y, chequers_hall_statues_wall_a,
          fedhas_ov_isle_minmay
D:3:      layout_loops_cross, nicolae_overflow_hidden_temple,
          makhleb_grotto_becter, hellmonk_ghost_happy_afterlife, first_ration,
          uniq_grinder

Skill      XL: |  1  2  3  4  5 |
---------------+----------------+-----
Shields        | 4 |  4.9
Armour         | 4 |  4.6
Maces & Flails | 3 4 |  4.0
Fighting       | 4 |  4.3
Dodging        | 1 |  1.4
Throwing       | 1 |  1.2
Stealth        | 1 |  1.1
Short Blades   | |  0.8
Axes           | |  0.8

Action                   |  1- 3 |  4- 6 || total
-------------------------+-------+-------++-------
Melee: Flail             |    61 |    24 ||    85
       Headbutt          |    11 |    25 ||    36
       Dagger            |       |   121 ||   121
  Use: Scroll            |       |     1 ||     1
       Potion            |       |     1 ||     1
 Stab: Sleeping          |       |     2 ||     2
  Eat: Chunk             |     1 |     5 ||     6
Armor: Scale mail        |    17 |       ||    17
       Chain mail        |    10 |    31 ||    41
       Troll leather arm |       |    16 ||    16
Dodge: Dodged            |    10 |    29 ||    39
Block: Kite shield       |    32 |    59 ||    91
